WCHLSIM.com - West Coast Hockey League
html PUBLIC "-//W3C//DTD XHTML 1.0 Transitional//EN" "http://www.w3.org/TR/xhtml1/DTD/xhtml1-transitional.dtd"> WCHL - Game 337 - COLORADO GLACIERCATS vs PHOENIX MUSTANGS

COLORADO GLACIERCATS vs PHOENIX MUSTANGS

Created - 29 novembre 2022 at 06:55

Goals
1 2 3 T
COLORADO GLACIERCATS 3 0 2 5
PHOENIX MUSTANGS 0 0 0 0
Shots
1 2 3 T
COLORADO GLACIERCATS 13 9 9 31
PHOENIX MUSTANGS 2 6 6 14

1st period

1. COLORADO GLACIERCATS , Kristopher Letang 5 (Tomas Hertl 16, Sam Reinhart 21) at 3:36
2. COLORADO GLACIERCATS , Kevin Hayes 2 (Alex Iafallo 5, Jamie Benn 4) at 11:08
3. COLORADO GLACIERCATS , Tomas Hertl 7 (Blake Wheeler 9, Kristopher Letang 17) at 13:35 (PP)

Penalties :
Luke Schenn (COL) for Interference (Minor) at 5:36, Jeremy Lauzon (PHX) for Interference (Minor) at 12:25

2nd period

No Goal

Penalties :
Luke Schenn (COL) for Holding (Minor) at 2:03

3rd period

4. COLORADO GLACIERCATS , Tomas Hertl 8 (Blake Wheeler 10, Brayden Schenn 12) at 9:32 (PP)
5. COLORADO GLACIERCATS , Leon Draisaitl 12 (Mario Ferraro 6, Sam Reinhart 22) at 11:59

Penalties :
Marcus Foligno (PHX) for Hooking (Minor) at 9:06, Luke Schenn (COL) for Tripping (Minor) at 9:50

Goalie Stats

Marc-Andre Fleury (COL), 14 saves from 14 shots - (1,000), W, 12-5-2, 60:00 minutes
Joonas Korpisalo (PHX), 26 saves from 31 shots - (0,839), L, 1-2-0, 60:00 minutes

Players Stats for COLORADO GLACIERCATS

Player Name              G  A  P  +/- PIM S  H  SB GA TA FO     MP     PP MP  PK MP  
------------------------------------------------------------------------------------
Alex Iafallo             0  1  1   1  0   3  0  0  0  0  0/1    16:39   0:00   3:16 
Blake Wheeler            0  2  2   0  0   2  1  0  0  0  0/0    17:06   0:36   0:00 
Brayden Schenn           0  1  1   0  0   3  1  0  0  0  3/10   17:06   0:36   0:00 
Devon Toews              0  0  0   1  0   0  0  2  0  0  0/0    19:53   0:42   2:31 
Ilya Lyubushkin          0  0  0   0  0   0  0  0  0  0  0/0    15:31   0:00   0:00 
Jamie Benn               0  1  1   1  0   2  3  0  0  0  1/2    13:23   0:00   0:00 
Kevin Hayes              1  0  1   1  0   1  0  1  0  0  8/17   16:04   0:00   2:41 
Kristopher Letang        1  1  2   2  0   1  1  0  0  0  0/0    23:44   0:42   3:26 
Leon Draisaitl           1  0  1   2  0   5  0  0  0  0  0/3    22:25   1:00   3:16 
Luke Schenn              0  0  0   0  6   0  1  1  0  0  0/0    16:04   0:00   0:00 
Mario Ferraro            0  1  1   1  0   1  2  1  0  0  0/0    23:41   0:54   3:26 
Matthew Highmore         0  0  0   0  0   0  0  0  0  0  0/0     4:25   0:00   0:00 
Ross Johnston            0  0  0   0  0   0  1  0  0  0  0/0     4:25   0:00   0:00 
Sam Reinhart             0  2  2   2  0   5  1  0  0  0  2/2    19:09   1:00   0:00 
Tage Thompson            0  0  0   0  0   4  0  0  0  0  1/2    20:11   1:00   2:41 
Tomas Hertl              2  1  3   2  0   4  1  0  0  0  9/16   18:45   0:36   0:00 
Tyson Jost               0  0  0   0  0   0  0  0  0  0  3/7     4:25   0:00   0:00 
Vladislav Gavrikov       0  0  0   2  0   0  2  0  0  0  0/0    21:04   0:54   2:31 

Players Stats for PHOENIX MUSTANGS

Player Name              G  A  P  +/- PIM S  H  SB GA TA FO     MP     PP MP  PK MP  
------------------------------------------------------------------------------------
Andrew Copp              0  0  0   0  0   1  0  1  0  0  1/2    19:45   3:41   0:44 
Clayton Keller           0  0  0   0  0   0  0  0  0  0  0/1    19:58   3:41   0:34 
Damon Severson           0  0  0  -1  0   0  3  1  0  0  0/0    21:13   3:25   0:46 
Dustin Brown             0  0  0   0  0   0  1  1  0  0  0/2    15:38   0:00   0:18 
Erik Karlsson            0  0  0  -2  0   0  0  3  0  0  0/0    21:49   2:32   0:32 
Jason Spezza             0  0  0  -2  0   0  0  0  0  0  5/10   15:07   2:16   0:00 
Jeff Petry               0  0  0  -1  0   0  1  1  0  0  0/0    21:12   2:39   0:32 
Jeremy Lauzon            0  0  0  -1  2   0  6  1  0  0  0/0    17:23   0:00   0:00 
Jesper Fast              0  0  0  -2  0   3  0  1  0  0  1/1    13:01   0:00   0:10 
John Tavares             0  0  0   0  0   0  0  0  0  0  17/23  20:16   3:41   0:52 
Jordan Greenway          0  0  0  -1  0   1  3  0  0  0  0/0     8:33   0:00   0:00 
Marco Scandella          0  0  0  -1  0   0  1  1  0  0  0/0    17:52   0:00   0:46 
Marcus Foligno           0  0  0  -2  2   1  1  0  0  0  0/0    15:06   2:16   0:00 
Ondrej Kase              0  0  0  -1  0   0  0  1  0  0  0/0     8:33   0:00   0:00 
Rasmus Asplund           0  0  0  -1  0   0  0  0  0  0  1/10    8:33   0:00   0:00 
Ryan O'Reilly            0  0  0   0  0   3  0  0  0  0  8/10   17:52   2:32   0:00 
Teuvo Teravainen         0  0  0   0  0   5  0  1  0  0  0/1    18:51   2:16   0:52 
Ty Smith                 0  0  0   0  0   0  0  0  0  0  0/0    17:40   0:46   0:18 

3 Stars

1 - Tomas Hertl (COL)
2 - Kristopher Letang (COL)
3 - Sam Reinhart (COL)

Power Play

COLORADO GLACIERCATS - 2 on 2 Attempt(s) - 100,00%
PHOENIX MUSTANGS - 0 on 3 Attempt(s) - 0,00%

Penalty Kill

COLORADO GLACIERCATS - 3 on 3 Attempt(s) - 100,00% - Score 0 goal in Penalty Kill
PHOENIX MUSTANGS - 0 on 2 Attempt(s) - 0,00% - Score 0 goal in Penalty Kill

Team Stat

COLORADO GLACIERCATS - Hits : 14 - Faceoff Wins : 27 - Blocked Shots : 5 - Penalty Minutes : 6
PHOENIX MUSTANGS - Hits : 16 - Faceoff Wins : 33 - Blocked Shots : 12 - Penalty Minutes : 4

Official

Referees : Tim Peel and Stephen Hiff
Linesman : Brandon Gawryletz and Trent Knorr

Game Notes

Devon Toews is injured at 12:15 of 3rd period (Sports Hernia)

Finance

Level 1 -- Attendance: 6243 (96,05%) -- Ticket Income 905 235 $
Level 2 -- Attendance: 5850 (100,00%) -- Ticket Income 409 500 $
Level 3 -- Attendance: 2853 (95,10%) -- Ticket Income 128 385 $
Level 4 -- Attendance: 4000 (100,00%) -- Ticket Income 140 000 $
Luxury Box -- Attendance: 997 (99,70%) -- Ticket Income 249 250 $
Game was played at the Mustangs Palace.
Total Attendance: 19943 (98,00%)
Total Ticket Income: 1 832 370 $
Other Expense: 18 324 $
Total Income: 1 814 046 $

COLORADO GLACIERCATS

5 vs 5 Forward 
   Center                   Left Wing                Right Wing               Time % Phy DF OF 
 1 Tomas Hertl              Leon Draisaitl           Sam Reinhart             36     0   2  3  
 2 Brayden Schenn           Tage Thompson            Blake Wheeler            33     1   2  2  
 3 Kevin Hayes              Alex Iafallo             Jamie Benn               27     1   2  2  
 4 Tyson Jost               Ross Johnston            Matthew Highmore         4      0   3  2  

5 vs 5 Defense 
   Defense                  Defense                                           Time % Phy DF OF 
 1 Kristopher Letang        Vladislav Gavrikov                                34     0   3  2  
 2 Devon Toews              Mario Ferraro                                     34     0   3  2  
 3 Ilya Lyubushkin          Luke Schenn                                       25     1   3  1  
 4 Devon Toews              Kristopher Letang                                 7      0   2  3  

PowerPlay Forward 
   Center                   Left Wing                Right Wing               Time % Phy DF OF 
 1 Leon Draisaitl           Tage Thompson            Sam Reinhart             55     1   0  4  
 2 Tomas Hertl              Brayden Schenn           Blake Wheeler            45     1   0  4  

PowerPlay Defense
   Defense                  Defense                                           Time % Phy DF OF 
 1 Kristopher Letang        Devon Toews                                       60     0   1  4  
 2 Mario Ferraro            Vladislav Gavrikov                                40     0   2  3  

Penalty Kill 4 Players Forward 
   Center                   Wing                     Time % Phy DF OF 
 1 Leon Draisaitl           Alex Iafallo             50     0   4  1  
 2 Kevin Hayes              Tage Thompson            50     0   4  1  

Penalty Kill 4 Players Defense
   Defense                  Defense                  Time % Phy DF OF 
 1 Devon Toews              Vladislav Gavrikov       50     1   4  0  
 2 Kristopher Letang        Mario Ferraro            50     1   4  0  

Penalty Kill - 3 Players Forward 
   Forward                                           Time % Phy DF OF 
 1 Leon Draisaitl                                    50     0   5  0  
 2 Tomas Hertl                                       50     0   5  0  

Penalty Kill - 3 Players Defense
   Defense                  Defense                  Time % Phy DF OF 
 1 Devon Toews              Mario Ferraro            50     0   5  0  
 2 Kristopher Letang        Vladislav Gavrikov       50     0   5  0  

4 vs 4 Forward 
   Center                   Wing                     Time % Phy DF OF 
 1 Tomas Hertl              Tage Thompson            50     0   1  4  
 2 Leon Draisaitl           Sam Reinhart             50     0   1  4  

4 vs 4 Defense
   Defense                  Defense                  Time % Phy DF OF 
 1 Kristopher Letang        Mario Ferraro            45     0   3  2  
 2 Devon Toews              Vladislav Gavrikov       55     0   3  2  

Last Minutes Offensive
   Center                   Left Wing                Right Wing               Defense                  Defense                  
   Tomas Hertl              Leon Draisaitl           Sam Reinhart             Kristopher Letang        Devon Toews              

Last Minutes Defensive
   Center                   Left Wing                Right Wing               Defense                  Defense                  
   Leon Draisaitl           Alex Iafallo             Sam Reinhart             Mario Ferraro            Devon Toews              

Goaltenders
Starting : Marc-Andre Fleury        
Backup : Kaapo Kahkonen           

Extra Forwards
Normal : Tage Thompson, Sam Reinhart, Leon Draisaitl - PP : Jamie Benn, Alex Iafallo - PK : Tyson Jost
Extra Defensemen
Normal : Luke Schenn, Ilya Lyubushkin, Vladislav Gavrikov - PP : Kristopher Letang - PK : Luke Schenn, Ilya Lyubushkin
Penalty Shots
Leon Draisaitl, Sam Reinhart, Blake Wheeler, Brayden Schenn, Tage Thompson
Custom OT Lines Forwards
Leon Draisaitl, Sam Reinhart, Tomas Hertl, Tage Thompson, Brayden Schenn, Blake Wheeler, Alex Iafallo, Jamie Benn, Kevin Hayes, Tyson Jost
Custom OT Lines Defensemen
Kristopher Letang, Devon Toews, Mario Ferraro, Vladislav Gavrikov, Luke Schenn

Scratches
None

PHOENIX MUSTANGS

5 vs 5 Forward 
   Center                   Left Wing                Right Wing               Time % Phy DF OF 
 1 John Tavares             Teuvo Teravainen         Clayton Keller           30     0   2  3  
 2 Ryan O'Reilly            Andrew Copp              Dustin Brown             29     0   2  3  
 3 Jason Spezza             Marcus Foligno           Jesper Fast              25     0   3  2  
 4 Rasmus Asplund           Jordan Greenway          Ondrej Kase              16     0   3  2  

5 vs 5 Defense 
   Defense                  Defense                                           Time % Phy DF OF 
 1 Erik Karlsson            Jeff Petry                                        39     0   3  2  
 2 Damon Severson           Marco Scandella                                   39     0   3  2  
 3 Jeremy Lauzon            Ty Smith                                          22     0   3  2  
 4 Erik Karlsson            Jeremy Lauzon                                     0      0   3  2  

PowerPlay Forward 
   Center                   Left Wing                Right Wing               Time % Phy DF OF 
 1 John Tavares             Andrew Copp              Clayton Keller           65     0   1  4  
 2 Jason Spezza             Marcus Foligno           Teuvo Teravainen         35     0   1  4  

PowerPlay Defense
   Defense                  Defense                                           Time % Phy DF OF 
 1 Erik Karlsson            Ryan O'Reilly                                     55     0   1  4  
 2 Damon Severson           Jeff Petry                                        45     0   1  4  

Penalty Kill 4 Players Forward 
   Center                   Wing                     Time % Phy DF OF 
 1 Andrew Copp              Jesper Fast              50     1   2  2  
 2 John Tavares             Teuvo Teravainen         50     1   2  2  

Penalty Kill 4 Players Defense
   Defense                  Defense                  Time % Phy DF OF 
 1 Marco Scandella          Damon Severson           58     1   2  2  
 2 Erik Karlsson            Jeff Petry               42     1   2  2  

Penalty Kill - 3 Players Forward 
   Forward                                           Time % Phy DF OF 
 1 Andrew Copp                                       50     0   4  1  
 2 Jesper Fast                                       50     0   4  1  

Penalty Kill - 3 Players Defense
   Defense                  Defense                  Time % Phy DF OF 
 1 Erik Karlsson            Damon Severson           50     0   4  1  
 2 Jeff Petry               Marco Scandella          50     0   4  1  

4 vs 4 Forward 
   Center                   Wing                     Time % Phy DF OF 
 1 John Tavares             Teuvo Teravainen         50     0   2  3  
 2 Andrew Copp              Clayton Keller           50     0   2  3  

4 vs 4 Defense
   Defense                  Defense                  Time % Phy DF OF 
 1 Jeff Petry               Erik Karlsson            50     0   2  3  
 2 Damon Severson           Marco Scandella          50     0   2  3  

Last Minutes Offensive
   Center                   Left Wing                Right Wing               Defense                  Defense                  
   John Tavares             Teuvo Teravainen         Clayton Keller           Erik Karlsson            Damon Severson           

Last Minutes Defensive
   Center                   Left Wing                Right Wing               Defense                  Defense                  
   Andrew Copp              Teuvo Teravainen         Jesper Fast              Damon Severson           Erik Karlsson            

Goaltenders
Starting : Joonas Korpisalo         
Backup : Jack Campbell            

Extra Forwards
Normal : Clayton Keller, Andrew Copp, John Tavares - PP : Ryan O'Reilly, Teuvo Teravainen - PK : Jesper Fast
Extra Defensemen
Normal : Damon Severson, Erik Karlsson, Jeff Petry - PP : Ty Smith - PK : Marco Scandella, Jeremy Lauzon
Penalty Shots
Clayton Keller, John Tavares, Ryan O'Reilly, Teuvo Teravainen, Dustin Brown
Custom OT Lines Forwards
John Tavares, Teuvo Teravainen, Clayton Keller, Ryan O'Reilly, Andrew Copp, Dustin Brown, Jordan Greenway, Marcus Foligno, Rasmus Asplund, Jason Spezza
Custom OT Lines Defensemen
Erik Karlsson, Damon Severson, Jeff Petry, Marco Scandella, Ty Smith

Scratches
Frederick Gaudreau (Right Wrist Injury), Vinni Lettieri (Healthy)

% Time on Ice - COLORADO GLACIERCATS

Lines # - Real PCT - Wanted PCT - Time Play
Normal Forward
1 - 35% - 36% - 18:09
2 - 31% - 33% - 16:30
3 - 26% - 27% - 13:23
4 - 8% - 4% - 4:25
Normal Defense
1 - 32% - 34% - 16:51
2 - 36% - 34% - 18:50
3 - 26% - 25% - 13:30
4 - 6% - 7% - 3:16
PP Forward
1 - 63% - 55% - 1:00
2 - 38% - 45% - 0:36
PP Defense
1 - 44% - 60% - 0:42
2 - 56% - 40% - 0:54
PK Forward
1 - 55% - 50% - 3:16
2 - 45% - 50% - 2:41
PK Defense
1 - 42% - 50% - 2:31
2 - 58% - 50% - 3:26
PK3 Forward
1 - 0% - 50%
2 - 0% - 50%
PK3 Defense
1 - 0% - 50%
2 - 0% - 50%
44 Forward
1 - 0% - 50%
2 - 0% - 50%
44 Defense
1 - 0% - 45%
2 - 0% - 55%
Last Minute Offensive  - 0:00
Last Minute Defensive  - 0:00
Total
Forward - 60:00
Defense - 60:00

% Time on Ice - PHOENIX MUSTANGS

Lines # - Real PCT - Wanted PCT - Time Play
Normal Forward
1 - 30% - 30% - 15:43
2 - 29% - 29% - 15:20
3 - 24% - 25% - 12:51
4 - 16% - 16% - 8:33
Normal Defense
1 - 34% - 39% - 18:01
2 - 34% - 39% - 17:40
3 - 32% - 22% - 16:36
4 - 0% - 0% - 0:10
PP Forward
1 - 62% - 65% - 3:41
2 - 38% - 35% - 2:16
PP Defense
1 - 43% - 55% - 2:32
2 - 57% - 45% - 3:25
PK Forward
1 - 46% - 50% - 0:44
2 - 54% - 50% - 0:52
PK Defense
1 - 48% - 58% - 0:46
2 - 52% - 42% - 0:50
PK3 Forward
1 - 0% - 50%
2 - 0% - 50%
PK3 Defense
1 - 0% - 50%
2 - 0% - 50%
44 Forward
1 - 0% - 50%
2 - 0% - 50%
44 Defense
1 - 0% - 50%
2 - 0% - 50%
Last Minute Offensive  - 0:00
Last Minute Defensive  - 0:00
Total
Forward - 60:00
Defense - 60:00

Play-by-Play

1st period


0:01 of 1st period - John Tavares wins face-off versus Tomas Hertl in neutral zone.
0:36 of 1st period - Erik Karlsson is hit by Tomas Hertl.
0:46 of 1st period - Shot by Leon Draisaitl.
0:46 of 1st period - Shot Misses the Net.
0:48 of 1st period - Shot by Leon Draisaitl.
0:48 of 1st period - Stopped by Joonas Korpisalo with a rebound.
0:59 of 1st period - Icing by Teuvo Teravainen.
1:00 of 1st period - John Tavares wins face-off versus Kevin Hayes in PHOENIX MUSTANGS zone.
1:06 of 1st period - Off-side.
1:07 of 1st period - Ryan O'Reilly wins face-off versus Brayden Schenn in neutral zone.
1:16 of 1st period - Icing by Marco Scandella.
1:17 of 1st period - Ryan O'Reilly wins face-off versus Kevin Hayes in PHOENIX MUSTANGS zone.
1:48 of 1st period - Icing by Alex Iafallo.
1:49 of 1st period - Jamie Benn wins face-off versus Jason Spezza in COLORADO GLACIERCATS zone.
2:01 of 1st period - Icing by Ilya Lyubushkin.
2:02 of 1st period - Kevin Hayes wins face-off versus Rasmus Asplund in COLORADO GLACIERCATS zone.
2:02 of 1st period - Kevin Hayes is hit by Jordan Greenway.
2:32 of 1st period - Shot by Ondrej Kase.
2:32 of 1st period - Deflect By Jordan Greenway.
2:32 of 1st period - Stopped by Marc-Andre Fleury with a rebound.
2:41 of 1st period - Rasmus Asplund is hit by Mario Ferraro and loses puck.
3:34 of 1st period - Shot by Sam Reinhart.
3:34 of 1st period - Deflect By Tomas Hertl.
3:34 of 1st period - Shot Misses the Net.
3:36 of 1st period - Shot by Kristopher Letang.
3:36 of 1st period - Goal by Kristopher Letang - COLORADO GLACIERCATS : 1 - PHOENIX MUSTANGS : 0.
3:37 of 1st period - Ryan O'Reilly wins face-off versus Tyson Jost in neutral zone.
4:26 of 1st period - Icing by Kristopher Letang.
4:27 of 1st period - Tyson Jost wins face-off versus John Tavares in COLORADO GLACIERCATS zone.
4:35 of 1st period - Vladislav Gavrikov is hit by Jeremy Lauzon.
4:44 of 1st period - Devon Toews is hit by Jeremy Lauzon and loses puck.
4:53 of 1st period - Shot by Leon Draisaitl.
4:53 of 1st period - Shot Misses the Net.
5:07 of 1st period - Shot by Sam Reinhart.
5:07 of 1st period - Stopped by Joonas Korpisalo without a rebound.
5:08 of 1st period - Jason Spezza wins face-off versus Brayden Schenn in PHOENIX MUSTANGS zone.
5:08 of 1st period - Jason Spezza is hit by Brayden Schenn.
5:17 of 1st period - Jesper Fast is hit by Luke Schenn and loses puck.
5:36 of 1st period - Minor Penalty to Luke Schenn for Interference.
5:37 of 1st period - John Tavares wins face-off versus Leon Draisaitl in COLORADO GLACIERCATS zone.
8:45 of 1st period - Brayden Schenn is hit by Damon Severson and loses puck.
9:35 of 1st period - Shot by Marcus Foligno.
9:35 of 1st period - Shot Misses the Net.
10:09 of 1st period - Shot by Sam Reinhart.
10:09 of 1st period - Stopped by Joonas Korpisalo with a rebound.
10:11 of 1st period - Shot by Mario Ferraro.
10:11 of 1st period - Shot Blocked by Jesper Fast.
10:13 of 1st period - Shot by Mario Ferraro.
10:13 of 1st period - Shot Blocked by Jeff Petry.
11:06 of 1st period - Shot by Kevin Hayes.
11:06 of 1st period - Deflect By Jamie Benn.
11:06 of 1st period - Stopped by Joonas Korpisalo with a rebound.
11:08 of 1st period - Shot by Alex Iafallo.
11:08 of 1st period - Deflect By Kevin Hayes.
11:08 of 1st period - Goal by Kevin Hayes - COLORADO GLACIERCATS : 2 - PHOENIX MUSTANGS : 0.
11:09 of 1st period - Tyson Jost wins face-off versus John Tavares in neutral zone.
12:14 of 1st period - Shot by Kevin Hayes.
12:14 of 1st period - Shot Blocked by Jeremy Lauzon.
12:16 of 1st period - Shot by Alex Iafallo.
12:16 of 1st period - Stopped by Joonas Korpisalo with a rebound.
12:25 of 1st period - Minor Penalty to Jeremy Lauzon for Interference.
12:26 of 1st period - John Tavares wins face-off versus Leon Draisaitl in PHOENIX MUSTANGS zone.
12:57 of 1st period - Shot by Leon Draisaitl.
12:57 of 1st period - Shot Blocked by Marco Scandella.
13:35 of 1st period - Shot by Tomas Hertl.
13:35 of 1st period - Goal by Tomas Hertl - COLORADO GLACIERCATS : 3 - PHOENIX MUSTANGS : 0.
13:36 of 1st period - Kevin Hayes wins face-off versus Rasmus Asplund in neutral zone.
14:06 of 1st period - Shot by Jordan Greenway.
14:06 of 1st period - Shot Blocked by Kevin Hayes.
14:10 of 1st period - Shot by Ondrej Kase.
14:10 of 1st period - Shot Misses the Net.
14:26 of 1st period - Shot by Dustin Brown.
14:26 of 1st period - Shot Blocked by Luke Schenn.
16:08 of 1st period - Shot by Tage Thompson.
16:08 of 1st period - Stopped by Joonas Korpisalo with a rebound.
16:10 of 1st period - Shot by Blake Wheeler.
16:10 of 1st period - Deflect By Brayden Schenn.
16:10 of 1st period - Stopped by Joonas Korpisalo without a rebound.
16:11 of 1st period - Jesper Fast wins face-off versus Tyson Jost in PHOENIX MUSTANGS zone.
16:11 of 1st period - Jesper Fast is hit by Ross Johnston.
17:05 of 1st period - Mario Ferraro is hit by Marcus Foligno and loses puck.
17:18 of 1st period - Shot by Tage Thompson.
17:18 of 1st period - Stopped by Joonas Korpisalo without a rebound.
17:19 of 1st period - Tomas Hertl wins face-off versus John Tavares in PHOENIX MUSTANGS zone.
17:38 of 1st period - Shot by Tomas Hertl.
17:38 of 1st period - Stopped by Joonas Korpisalo with a rebound.
17:44 of 1st period - Shot by Sam Reinhart.
17:44 of 1st period - Shot Blocked by Erik Karlsson.
18:44 of 1st period - Shot by Andrew Copp.
18:44 of 1st period - Deflect By Ryan O'Reilly.
18:44 of 1st period - Stopped by Marc-Andre Fleury without a rebound.
18:45 of 1st period - Kevin Hayes wins face-off versus Rasmus Asplund in COLORADO GLACIERCATS zone.
18:54 of 1st period - Shot by Alex Iafallo.
18:54 of 1st period - Deflect By Kevin Hayes.
18:54 of 1st period - Shot Misses the Net.
19:20 of 1st period - Shot by Alex Iafallo.
19:20 of 1st period - Stopped by Joonas Korpisalo without a rebound.
19:21 of 1st period - Ryan O'Reilly wins face-off versus Tomas Hertl in PHOENIX MUSTANGS zone.
19:48 of 1st period - Leon Draisaitl is hit by Dustin Brown and loses puck.
Goals for this period are 3 for COLORADO GLACIERCATS vs 0 for PHOENIX MUSTANGS.
Shots for this period are 13 for COLORADO GLACIERCATS vs 2 for PHOENIX MUSTANGS.

2nd period


0:01 of 2nd period - John Tavares wins face-off versus Tomas Hertl in neutral zone.
0:05 of 2nd period - Clayton Keller is hit by Vladislav Gavrikov and loses puck.
0:11 of 2nd period - Leon Draisaitl is hit by Marco Scandella and loses puck.
2:03 of 2nd period - Minor Penalty to Luke Schenn for Holding.
2:04 of 2nd period - Jason Spezza wins face-off versus Kevin Hayes in COLORADO GLACIERCATS zone.
2:35 of 2nd period - Shot by Teuvo Teravainen.
2:35 of 2nd period - Shot Misses the Net.
2:37 of 2nd period - Shot by Ty Smith.
2:37 of 2nd period - Deflect By Teuvo Teravainen.
2:37 of 2nd period - Shot Misses the Net.
2:39 of 2nd period - Shot by Marcus Foligno.
2:39 of 2nd period - Shot Misses the Net.
2:41 of 2nd period - Shot by Marcus Foligno.
2:41 of 2nd period - Shot Misses the Net.
2:43 of 2nd period - Shot by Marcus Foligno.
2:43 of 2nd period - Deflect By Teuvo Teravainen.
2:43 of 2nd period - Shot Misses the Net.
3:07 of 2nd period - Shot by Clayton Keller.
3:07 of 2nd period - Shot Misses the Net.
3:09 of 2nd period - Shot by Ryan O'Reilly.
3:09 of 2nd period - Stopped by Marc-Andre Fleury without a rebound.
3:10 of 2nd period - John Tavares wins face-off versus Kevin Hayes in COLORADO GLACIERCATS zone.
3:55 of 2nd period - Shot by Teuvo Teravainen.
3:55 of 2nd period - Stopped by Marc-Andre Fleury without a rebound.
3:56 of 2nd period - Jason Spezza wins face-off versus Leon Draisaitl in COLORADO GLACIERCATS zone.
3:59 of 2nd period - Shot by Teuvo Teravainen.
3:59 of 2nd period - Deflect By Marcus Foligno.
3:59 of 2nd period - Shot Blocked by Devon Toews.
4:43 of 2nd period - Tyson Jost is hit by Jordan Greenway.
4:44 of 2nd period - Icing by Tyson Jost.
4:45 of 2nd period - John Tavares wins face-off versus Tyson Jost in COLORADO GLACIERCATS zone.
4:46 of 2nd period - Shot by Teuvo Teravainen.
4:46 of 2nd period - Stopped by Marc-Andre Fleury without a rebound.
4:47 of 2nd period - Tomas Hertl wins face-off versus John Tavares in COLORADO GLACIERCATS zone.
5:13 of 2nd period - Icing by Kristopher Letang.
5:14 of 2nd period - Tomas Hertl wins face-off versus Jason Spezza in COLORADO GLACIERCATS zone.
6:08 of 2nd period - Shot by Jamie Benn.
6:08 of 2nd period - Stopped by Joonas Korpisalo without a rebound.
6:09 of 2nd period - John Tavares wins face-off versus Brayden Schenn in PHOENIX MUSTANGS zone.
6:24 of 2nd period - Shot by John Tavares.
6:24 of 2nd period - Shot Blocked by Mario Ferraro.
7:24 of 2nd period - Alex Iafallo is hit by Jeremy Lauzon and loses puck.
8:09 of 2nd period - Tomas Hertl is hit by Jeremy Lauzon.
8:52 of 2nd period - Icing by Jeremy Lauzon.
8:53 of 2nd period - Ryan O'Reilly wins face-off versus Brayden Schenn in PHOENIX MUSTANGS zone.
9:02 of 2nd period - Shot by Tage Thompson.
9:02 of 2nd period - Shot Blocked by Andrew Copp.
9:16 of 2nd period - Shot by Tage Thompson.
9:16 of 2nd period - Stopped by Joonas Korpisalo without a rebound.
9:17 of 2nd period - John Tavares wins face-off versus Kevin Hayes in PHOENIX MUSTANGS zone.
10:37 of 2nd period - Jeff Petry is hit by Sam Reinhart and loses puck.
11:05 of 2nd period - Shot by Sam Reinhart.
11:05 of 2nd period - Stopped by Joonas Korpisalo with a rebound.
11:29 of 2nd period - Shot by Tage Thompson.
11:29 of 2nd period - Stopped by Joonas Korpisalo without a rebound.
11:30 of 2nd period - Tyson Jost wins face-off versus Rasmus Asplund in PHOENIX MUSTANGS zone.
12:33 of 2nd period - Shot by Tage Thompson.
12:33 of 2nd period - Shot Misses the Net.
12:35 of 2nd period - Shot by Brayden Schenn.
12:35 of 2nd period - Stopped by Joonas Korpisalo with a rebound.
12:41 of 2nd period - Shot by Blake Wheeler.
12:41 of 2nd period - Stopped by Joonas Korpisalo without a rebound.
12:42 of 2nd period - Tomas Hertl wins face-off versus Ryan O'Reilly in PHOENIX MUSTANGS zone.
12:54 of 2nd period - Icing by Erik Karlsson.
12:55 of 2nd period - Ryan O'Reilly wins face-off versus Jamie Benn in PHOENIX MUSTANGS zone.
13:25 of 2nd period - Shot by Jamie Benn.
13:25 of 2nd period - Deflect By Kevin Hayes.
13:25 of 2nd period - Shot Misses the Net.
14:06 of 2nd period - Shot by Marcus Foligno.
14:06 of 2nd period - Stopped by Marc-Andre Fleury without a rebound.
14:07 of 2nd period - John Tavares wins face-off versus Tomas Hertl in COLORADO GLACIERCATS zone.
14:25 of 2nd period - Shot by Teuvo Teravainen.
14:25 of 2nd period - Stopped by Marc-Andre Fleury without a rebound.
14:26 of 2nd period - Brayden Schenn wins face-off versus Rasmus Asplund in COLORADO GLACIERCATS zone.
14:26 of 2nd period - Brayden Schenn is hit by Jordan Greenway.
14:39 of 2nd period - Tage Thompson is hit by Damon Severson.
14:47 of 2nd period - Shot by Brayden Schenn.
14:47 of 2nd period - Stopped by Joonas Korpisalo without a rebound.
14:48 of 2nd period - Sam Reinhart wins face-off versus Jason Spezza in PHOENIX MUSTANGS zone.
15:07 of 2nd period - Shot by Sam Reinhart.
15:07 of 2nd period - Shot Misses the Net.
15:09 of 2nd period - Shot by Leon Draisaitl.
15:09 of 2nd period - Stopped by Joonas Korpisalo without a rebound.
15:10 of 2nd period - John Tavares wins face-off versus Brayden Schenn in PHOENIX MUSTANGS zone.
15:15 of 2nd period - Icing by Clayton Keller.
15:16 of 2nd period - John Tavares wins face-off versus Tomas Hertl in PHOENIX MUSTANGS zone.
15:28 of 2nd period - Clayton Keller is hit by Vladislav Gavrikov and loses puck.
16:37 of 2nd period - Shot by Jesper Fast.
16:37 of 2nd period - Stopped by Marc-Andre Fleury with a rebound.
16:39 of 2nd period - Shot by Marco Scandella.
16:39 of 2nd period - Shot Misses the Net.
16:41 of 2nd period - Shot by Jesper Fast.
16:41 of 2nd period - Shot Misses the Net.
17:37 of 2nd period - Shot by Jamie Benn.
17:37 of 2nd period - Shot Blocked by Dustin Brown.
17:39 of 2nd period - Shot by Luke Schenn.
17:39 of 2nd period - Shot Misses the Net.
17:41 of 2nd period - Shot by Luke Schenn.
17:41 of 2nd period - Deflect By Alex Iafallo.
17:41 of 2nd period - Stopped by Joonas Korpisalo without a rebound.
17:42 of 2nd period - Tomas Hertl wins face-off versus Rasmus Asplund in PHOENIX MUSTANGS zone.
17:42 of 2nd period - Sam Reinhart is hit by Jeff Petry and loses puck.
17:58 of 2nd period - Icing by Kristopher Letang.
17:59 of 2nd period - Tomas Hertl wins face-off versus Clayton Keller in COLORADO GLACIERCATS zone.
18:25 of 2nd period - Shot by Tomas Hertl.
18:25 of 2nd period - Shot Misses the Net.
18:27 of 2nd period - Shot by Tomas Hertl.
18:27 of 2nd period - Deflect By Sam Reinhart.
18:27 of 2nd period - Shot Misses the Net.
18:35 of 2nd period - Shot by Sam Reinhart.
18:35 of 2nd period - Shot Misses the Net.
18:41 of 2nd period - Shot by Leon Draisaitl.
18:41 of 2nd period - Shot Blocked by Teuvo Teravainen.
19:28 of 2nd period - Shot by Tage Thompson.
19:28 of 2nd period - Shot Misses the Net.
19:50 of 2nd period - Andrew Copp is hit by Jamie Benn and loses puck.
Goals for this period are 0 for COLORADO GLACIERCATS vs 0 for PHOENIX MUSTANGS.
Shots for this period are 9 for COLORADO GLACIERCATS vs 6 for PHOENIX MUSTANGS.

3rd period


0:01 of 3rd period - Tomas Hertl wins face-off versus Jason Spezza in neutral zone.
0:12 of 3rd period - Shot by Jesper Fast.
0:12 of 3rd period - Stopped by Marc-Andre Fleury with a rebound.
0:21 of 3rd period - Tomas Hertl is hit by Damon Severson and loses puck.
1:08 of 3rd period - Icing by Blake Wheeler.
1:09 of 3rd period - Brayden Schenn wins face-off versus Ryan O'Reilly in COLORADO GLACIERCATS zone.
2:23 of 3rd period - Icing by Jeremy Lauzon.
2:24 of 3rd period - Tomas Hertl wins face-off versus Dustin Brown in PHOENIX MUSTANGS zone.
2:57 of 3rd period - Shot by Sam Reinhart.
2:57 of 3rd period - Shot Blocked by Damon Severson.
3:11 of 3rd period - Shot by Tomas Hertl.
3:11 of 3rd period - Stopped by Joonas Korpisalo without a rebound.
3:12 of 3rd period - Kevin Hayes wins face-off versus Rasmus Asplund in PHOENIX MUSTANGS zone.
3:42 of 3rd period - Rasmus Asplund is hit by Kristopher Letang and loses puck.
3:49 of 3rd period - Shot by Kevin Hayes.
3:49 of 3rd period - Shot Blocked by Ondrej Kase.
4:08 of 3rd period - Icing by Jordan Greenway.
4:09 of 3rd period - Brayden Schenn wins face-off versus Rasmus Asplund in PHOENIX MUSTANGS zone.
4:43 of 3rd period - Shot by Tage Thompson.
4:43 of 3rd period - Deflect By Blake Wheeler.
4:43 of 3rd period - Stopped by Joonas Korpisalo with a rebound.
5:19 of 3rd period - Shot by Sam Reinhart.
5:19 of 3rd period - Stopped by Joonas Korpisalo without a rebound.
5:20 of 3rd period - Jason Spezza wins face-off versus Alex Iafallo in PHOENIX MUSTANGS zone.
5:20 of 3rd period - Jason Spezza is hit by Jamie Benn.
6:03 of 3rd period - Jesper Fast is hit by Jamie Benn and loses puck.
9:06 of 3rd period - Minor Penalty to Marcus Foligno for Hooking.
9:07 of 3rd period - Tage Thompson wins face-off versus Teuvo Teravainen in PHOENIX MUSTANGS zone.
9:22 of 3rd period - Shot by Sam Reinhart.
9:22 of 3rd period - Stopped by Joonas Korpisalo without a rebound.
9:23 of 3rd period - Tomas Hertl wins face-off versus Andrew Copp in PHOENIX MUSTANGS zone.
9:32 of 3rd period - Shot by Tomas Hertl.
9:32 of 3rd period - Goal by Tomas Hertl - COLORADO GLACIERCATS : 4 - PHOENIX MUSTANGS : 0.
9:33 of 3rd period - John Tavares wins face-off versus Tomas Hertl in neutral zone.
9:50 of 3rd period - Minor Penalty to Luke Schenn for Tripping.
9:51 of 3rd period - Kevin Hayes wins face-off versus John Tavares in COLORADO GLACIERCATS zone.
9:59 of 3rd period - Off-side.
10:00 of 3rd period - John Tavares wins face-off versus Kevin Hayes in neutral zone.
10:39 of 3rd period - Icing by Andrew Copp.
10:40 of 3rd period - John Tavares wins face-off versus Kevin Hayes in PHOENIX MUSTANGS zone.
10:51 of 3rd period - Shot by Andrew Copp.
10:51 of 3rd period - Stopped by Marc-Andre Fleury without a rebound.
10:52 of 3rd period - Jason Spezza wins face-off versus Kevin Hayes in COLORADO GLACIERCATS zone.
11:19 of 3rd period - Shot by Ryan O'Reilly.
11:19 of 3rd period - Stopped by Marc-Andre Fleury without a rebound.
11:20 of 3rd period - John Tavares wins face-off versus Kevin Hayes in COLORADO GLACIERCATS zone.
11:40 of 3rd period - Icing by Andrew Copp.
11:41 of 3rd period - Kevin Hayes wins face-off versus John Tavares in PHOENIX MUSTANGS zone.
11:49 of 3rd period - Icing by Jeff Petry.
11:50 of 3rd period - Sam Reinhart wins face-off versus Rasmus Asplund in PHOENIX MUSTANGS zone.
11:51 of 3rd period - Shot by Leon Draisaitl.
11:51 of 3rd period - Shot Misses the Net.
11:53 of 3rd period - Shot by Mario Ferraro.
11:53 of 3rd period - Stopped by Joonas Korpisalo with a rebound.
11:55 of 3rd period - Shot by Leon Draisaitl.
11:55 of 3rd period - Shot Misses the Net.
11:57 of 3rd period - Shot by Leon Draisaitl.
11:57 of 3rd period - Stopped by Joonas Korpisalo with a rebound.
11:59 of 3rd period - Shot by Leon Draisaitl.
11:59 of 3rd period - Goal by Leon Draisaitl - COLORADO GLACIERCATS : 5 - PHOENIX MUSTANGS : 0.
12:00 of 3rd period - Ryan O'Reilly wins face-off versus Brayden Schenn in neutral zone.
12:15 of 3rd period - Shot by Andrew Copp.
12:15 of 3rd period - Shot Blocked by Devon Toews.
12:15 of 3rd period - Devon Toews from COLORADO GLACIERCATS is injured at 12:15 of 3rd period (Sports Hernia).
12:16 of 3rd period - John Tavares wins face-off versus Tomas Hertl in COLORADO GLACIERCATS zone.
12:23 of 3rd period - Shot by Clayton Keller.
12:23 of 3rd period - Shot Misses the Net.
12:37 of 3rd period - Shot by Leon Draisaitl.
12:37 of 3rd period - Stopped by Joonas Korpisalo without a rebound.
12:38 of 3rd period - Ryan O'Reilly wins face-off versus Tage Thompson in PHOENIX MUSTANGS zone.
13:17 of 3rd period - Andrew Copp is hit by Blake Wheeler and loses puck.
13:56 of 3rd period - Shot by John Tavares.
13:56 of 3rd period - Shot Misses the Net.
14:16 of 3rd period - Shot by Teuvo Teravainen.
14:16 of 3rd period - Stopped by Marc-Andre Fleury without a rebound.
14:17 of 3rd period - Kevin Hayes wins face-off versus Jason Spezza in COLORADO GLACIERCATS zone.
14:34 of 3rd period - Shot by Jesper Fast.
14:34 of 3rd period - Stopped by Marc-Andre Fleury with a rebound.
14:49 of 3rd period - Alex Iafallo is hit by Jeremy Lauzon and loses puck.
14:53 of 3rd period - Alex Iafallo is hit by Jeremy Lauzon and loses puck.
15:12 of 3rd period - Shot by Tage Thompson.
15:12 of 3rd period - Shot Misses the Net.
16:21 of 3rd period - Clayton Keller is hit by Mario Ferraro and loses puck.
16:40 of 3rd period - Shot by Teuvo Teravainen.
16:40 of 3rd period - Stopped by Marc-Andre Fleury without a rebound.
16:41 of 3rd period - Kevin Hayes wins face-off versus Dustin Brown in COLORADO GLACIERCATS zone.
17:30 of 3rd period - Icing by Erik Karlsson.
17:31 of 3rd period - Andrew Copp wins face-off versus Brayden Schenn in PHOENIX MUSTANGS zone.
17:39 of 3rd period - Shot by Blake Wheeler.
17:39 of 3rd period - Shot Blocked by Erik Karlsson.
17:41 of 3rd period - Shot by Tage Thompson.
17:41 of 3rd period - Deflect By Brayden Schenn.
17:41 of 3rd period - Shot Blocked by Erik Karlsson.
17:43 of 3rd period - Shot by Brayden Schenn.
17:43 of 3rd period - Shot Misses the Net.
17:45 of 3rd period - Shot by Luke Schenn.
17:45 of 3rd period - Shot Misses the Net.
19:33 of 3rd period - Icing by Rasmus Asplund.
19:34 of 3rd period - Rasmus Asplund wins face-off versus Tyson Jost in PHOENIX MUSTANGS zone.
Goals for this period are 2 for COLORADO GLACIERCATS vs 0 for PHOENIX MUSTANGS.
Shots for this period are 9 for COLORADO GLACIERCATS vs 6 for PHOENIX MUSTANGS.


DARCY
KUEMPER
JAKE
OETTINGER
NINO
NIEDERREITER

EAST COAST

HOCKEY LEAGUE

  • 1.CHI2QUE4
  • 2.LIM2CHA3
  • 3.LON3TRV5
  • 4.BAL5CHW6
  • 5.MANPIT
  • 6.NHWATL
  • 7.PETWOR
  • 8.RHI